 Dungeon Crawl Stone Soup version 0.30-a0-169-g06f667207d (webtiles) character file.

Game seed: 11708222363064364462

273 qw the Chopper (level 6, 0/38 HPs)
             Began as a Gargoyle Fighter on Sept 29, 2022.
             Killed from afar by an orc wizard (9 damage)
             ... with a puff of flame
             ... on level 3 of the Dungeon.
             The game lasted 00:01:08 (2766 turns).

qw the Chopper (Gargoyle Fighter)                   Turns: 2766, Time: 00:01:08

Health: 0/38       AC: 11    Str: 22    XL:     6   Next: 24%
Magic:  6/6        EV:  9    Int:  8    God:
Gold:   160        SH:  4    Dex:  9    Spells: 5/5 levels left

rFire   . . .      SeeInvis .    Y - +0 war axe
rCold   . . .      Faith    .    c - +0 buckler
rNeg    + . .      Spirit   .    b - +0 scale mail
rPois   inf        Reflect  .    (no helmet)
rElec   +          Harm     .    (no cloak)
rCorr   .          Rampage  .    (no gloves)
Will    +....                    (no boots)
Stlth   ..........               (no amulet)
HPRegen 0.12/turn                e - ring of willpower
MPRegen 0.10/turn                (no ring)

@: no status effects
A: sickness immunity, AC +4, negative energy resistance 1, electricity
resistance, torment resistance 1, petrification resistance
a: no special abilities


You were on level 3 of the Dungeon.
You visited 1 branch of the dungeon, and saw 3 of its levels.

You collected 160 gold pieces.


Innate Abilities, Weirdness & Mutations

You are immune to sickness and miasma.
Your stone body is resilient. (AC +4)
You are immune to poison.
You resist negative energy. (rN+)
You are resistant to electric shocks. (rElec)
You are resistant to unholy torment.
You are immune to petrification.


   Skills:
 - Level 4.0 Fighting
 - Level 5.3 Axes
 - Level 3.2 Armour
 + Level 0.9 Dodging
 - Level 3.2 Shields


You had 5 spell levels left.
You didn't know any spells.
Your spell library was empty.

Inventory:

Hand Weapons
 h - a +0 whip of freezing
 Y - a +0 war axe (weapon)
Armour
 b - a +0 scale mail (worn)
 c - a +0 buckler (worn)
 p - a scarf of shadows
Jewellery
 e - a ring of willpower (left hand)
 n - an amulet of magic regeneration
Wands
 k - a wand of digging (10)
Scrolls
 a - 3 scrolls of identify
 l - a scroll of butterflies {unknown}
 r - a scroll of noise {unknown}
Potions
 d - a potion of might
 f - a potion of mutation
 i - a potion of curing {unknown}
 j - a potion of invisibility {unknown}
 m - a potion of cancellation {unknown}
 o - 2 potions of flight {unknown}
 q - a potion of attraction {unknown}

Dungeon Overview and Level Annotations

Branches:
Dungeon (3/15)

Altars:
Xom


Message History

The orc priest mumbles some strange prayers to Beogh against you.
Beogh smites you!
The orc wizard gestures wildly while chanting.
The orc wizard flickers and vanishes!
You hit the orc priest.
You kill the orc priest!
A magic dart appears from out of thin air!
Deactivating autopickup; reactivate with Ctrl-A.
The magic dart hits you but does no damage.
You swing at nothing.
You swing at nothing.
You swing at nothing.
You swing at nothing.
You swing at nothing.
You swing at nothing.
You hear some strange, mumbled words.
A puff of flame appears from out of thin air!
You block the puff of flame.
You swing at nothing.
You swing at nothing.
You swing at nothing.
You swing at nothing.
You swing at nothing.
You swing at nothing.
You hear some strange, mumbled words.
A puff of flame appears from out of thin air!
The puff of flame hits you but does no damage.
You swing at nothing.
You swing at nothing.
An orc wizard appears from thin air!
Reactivating autopickup.
The orc wizard points at you and mumbles some strange words.
You resist with almost no effort.
The orc wizard mumbles some strange words.
The orc wizard flickers and vanishes!
You hear some strange, mumbled words.
A puff of flame appears from out of thin air!
Deactivating autopickup; reactivate with Ctrl-A.
The puff of flame hits you!
You die...

#.#.#...
#.#.#.#######
####.#...).....#
#.¤...¤.....##.##..
#.~~¤¤~¤¤~~........
#.¤.¤¤.¤hh~).#.###.
#.~.#.###g¤..# #
######.~.#...#h~)##
.......~¤#._.#{¤@#
######%~.#...#.¤)#
#.~.###.#....
#.~.[¤ ...~...
#.¤¤~¤¤~~¤~.##?
#............ .#
######....... #
########


You could see 3 jackals and a hobgoblin.

Vanquished Creatures
  Sigmund (D:2)
  An orc priest (D:3)
  An adder (D:3)
  2 worms (D:2)
  4 dart slugs
  4 orcs (D:3)
  8 ball pythons
  7 bats
  5 endoplasms
  2 giant cockroaches
  4 hobgoblins
  4 jackals (D:3)
  2 quokkas (D:2)
  4 frilled lizards
  5 goblins
  6 kobolds
  6 rats
66 creatures vanquished.

Notes
Turn   | Place    | Note
-------+----------+-------------------------------------------
     0 | D:1      | qw the Gargoyle Fighter began the quest for the Orb.
     0 | D:1      | Reached XP level 1. HP: 14/14 MP: 1/1
     0 | D:1      | 0 ||| qw: Version: 0.2-a-12-gaebbb33
     0 | D:1      | 0 ||| qw: Game counter: 1304
     0 | D:1      | 0 ||| qw: Always use a shield: true
     0 | D:1      | 0 ||| qw: God list: Okawaru
     0 | D:1      | 0 ||| qw: Allow faded altars: false
     0 | D:1      | 0 ||| qw: Do Orc after D:15 true
     0 | D:1      | 0 ||| qw: Do second Lair branch before Depths: true
     0 | D:1      | 0 ||| qw: Lair rune preference: random
     0 | D:1      | 0 ||| qw: Plans: Normal, Zot:1-4, God:TSO, Crypt, Tomb,
                  | Pan, Slime:5, Hells, Abyss, Orb
     0 | D:1      | 0 ||| PLANNING D:1-11
    59 | D:1      | Found a faded altar of an unknown god.
    62 | D:1      | Noticed a great orb of eyes
    62 | D:1      | Noticed a golden eye
    69 | D:1      | Noticed a floating eye
   133 | D:1      | Reached skill level 2 in Axes
   277 | D:1      | 277 ||| READING 2 scrolls labelled OTHRIW JIMU MOA.
   278 | D:1      | 278 ||| READING scroll labelled COEGUGRIEGH.
   279 | D:1      | 279 ||| READING scroll labelled EBAKHL POWO.
   279 | D:1      | Identified a scroll of acquirement
   279 | D:1      | 279 ||| ACQUIRING ring of willpower
   279 | D:1      | Acquired a ring of willpower
   280 | D:1      | 280 ||| Stepping randomly (stuck).
   290 | D:1      | 290 ||| Stepping ~*~*~tactically~*~*~ (stealth).
   393 | D:1      | 393 ||| DROPPING +0 club.
   400 | D:1      | Reached XP level 2. HP: 19/19 MP: 2/2
   406 | D:1      | 406 ||| DROPPING +0 whip.
   654 | D:1      | 654 ||| Stepping ~*~*~tactically~*~*~ (stealth).
   656 | D:1      | 656 ||| Stepping ~*~*~tactically~*~*~ (stealth).
   657 | D:1      | 657 ||| Stepping ~*~*~tactically~*~*~ (stealth).
   819 | D:1      | 819 ||| Stepping ~*~*~tactically~*~*~ (hiding).
   828 | D:1      | Reached skill level 3 in Axes
  1062 | D:1      | Noticed a great orb of eyes
  1101 | D:1      | Reached XP level 3. HP: 23/23 MP: 3/3
  1276 | D:1      | 1276 ||| UPGRADING to ring of willpower.
  1277 | D:1      | 1277 ||| READING scroll labelled PALIAM RALUA.
  1278 | D:1      | 1278 ||| READING 4 scrolls of identify.
  1278 | D:1      | 1278 ||| IDENTIFYING fuming silvery potion
  1279 | D:1      | 1279 ||| READING 3 scrolls of identify.
  1279 | D:1      | 1279 ||| IDENTIFYING fuming dark potion
  1280 | D:1      | 1280 ||| READING 2 scrolls of identify.
  1280 | D:1      | 1280 ||| IDENTIFYING lumpy grey potion
  1281 | D:1      | 1281 ||| DROPPING potion of magic.
  1387 | D:2      | 1387 ||| Stepping ~*~*~tactically~*~*~ (hiding).
  1389 | D:2      | 1389 ||| Stepping ~*~*~tactically~*~*~ (hiding).
  1451 | D:2      | 1451 ||| Stepping ~*~*~tactically~*~*~ (stealth).
  1462 | D:2      | 1462 ||| Stepping ~*~*~tactically~*~*~ (stealth).
  1477 | D:2      | 1477 ||| Stepping ~*~*~tactically~*~*~ (stealth).
  1694 | D:2      | Noticed Sigmund
  1695 | D:2      | 1695 ||| Stepping ~*~*~tactically~*~*~ (stealth).
  1711 | D:2      | Killed Sigmund
  1712 | D:2      | Reached skill level 5 in Axes
  1712 | D:2      | Reached XP level 4. HP: 10/28 MP: 4/4
  1712 | D:2      | Reached XP level 5. HP: 11/32 MP: 5/5
  1948 | D:2      | 1948 ||| Stepping ~*~*~tactically~*~*~ (stealth).
  1949 | D:2      | 1949 ||| Stepping ~*~*~tactically~*~*~ (stealth).
  2184 | D:2      | 2184 ||| READING scroll labelled VOLION SUDGHIGU.
  2306 | D:3      | 2306 ||| Stepping ~*~*~tactically~*~*~ (stealth).
  2309 | D:3      | 2309 ||| Stepping ~*~*~tactically~*~*~ (stealth).
  2518 | D:3      | 2518 ||| Stepping ~*~*~tactically~*~*~ (stealth).
  2522 | D:3      | Reached XP level 6. HP: 36/38 MP: 6/6
  2698 | D:3      | Found a shimmering altar of Xom.
  2699 | D:3      | 2699 ||| Stepping ~*~*~tactically~*~*~ (stealth).
  2723 | D:3      | HP: 6/38 [orc priest/+0 flail (4)]
  2724 | D:3      | 2724 ||| DRINKING potion of heal wounds.
  2731 | D:3      | HP: 4/38 [orc priest/divine providence (11)]
  2766 | D:3      | Killed from afar by an orc wizard

Levels and vault maps discovered:
D:1:      nicolae_arrival_washed_ashore, layout_loops_ring,
          hellmonk_ecumenical_altar_watching_god, minmay_strange_pillars,
          minmay_domino_2
D:2:      layout_rooms, uniq_sigmund
D:3:      layout_basic, mainiacjoe_overflow_brackets, serial_shops,
          nicolae_shop_crystal

Skill      XL: |  1  2  3  4  5  6 |
---------------+-------------------+-----
Axes           | 2 3 5 |  5.3
Fighting       | 4 |  4.0
Armour         | |  3.2
Dodging        | |  0.9
Shields        | |  3.2

Action                   |  1- 3 |  4- 6 || total
-------------------------+-------+-------++-------
Melee: War axe           |   132 |    60 ||   192
  Use: Scroll            |     7 |     1 ||     8
       Potion            |       |     1 ||     1
 Stab: Distracted        |       |     1 ||     1
Armor: Scale mail        |    59 |    29 ||    88
Dodge: Dodged            |    59 |    19 ||    78
Block: Buckler           |    20 |     7 ||    27

Table legend:
 A = Non-vault XP
 B = Vault XP
 C = Vault XP percentage of total XP
 D = Non-vault monster count
 E = Vault monster count
 F = Vault count percentage of total count
                 A         B        C        D         E       F
            +---------+---------+-------+---------+---------+-------
      Total |     175 |     216 |  55.2 |      63 |       3 |   4.5
            +---------+---------+-------+---------+---------+-------
        D:1 |      32 |       2 |   5.9 |      19 |       2 |   9.5
        D:2 |      55 |     214 |  79.6 |      27 |       1 |   3.6
        D:3 |      88 |       0 |   0.0 |      17 |       0 |   0.0
            +---------+---------+-------+---------+---------+-------
